 Dungeon Crawl Stone Soup version 0.22-a0-880-gb7b0c8b (webtiles) character file.

34 Amnesiac the Magician (level 3, 0/24 HPs)
             Began as a Mummy Fire Elementalist on July 30, 2018.
             Slain by a worker ant (5 damage)
             ... on level 4 of the Dungeon.
             The game lasted 00:01:59 (584 turns).

Amnesiac the Magician (Mummy Fire Elementalist)      Turns: 584, Time: 00:02:00

Health: 0/24       AC:  2    Str: 11    XL:     3   Next: 14%
Magic:  0/7        EV: 12    Int: 15    God:
Gold:   30         SH:  0    Dex: 12    Spells: 3/7 levels left

rFire    x . .     SeeInvis .   (no weapon)
rCold    + . .     Gourm    .   (no shield)
rNeg     + + +     Faith    .   a - +0 robe
rPois    ∞         Spirit   .   (no helmet)
rElec    .         Reflect  .   (no cloak)
rCorr    .         Harm     .   (no gloves)
MR       .....                  (no boots)
Stlth    ++........             (no amulet)
HPRegen  0.08/turn              (no ring)
MPRegen  0.10/turn              (no ring)

@: no status effects
A: no food or potions, fire vulnerability, cold resistance 1, negative energy
resistance 3, torment resistance, unbreathing
a: no special abilities


You were on level 4 of the Dungeon.
You were not hungry.

You visited 1 branch of the dungeon, and saw 4 of its levels.

You collected 30 gold pieces.

Inventory:

Armour
 a - a +0 robe (worn)
Scrolls
 b - a scroll of magic mapping {!r, unknown}
 c - a scroll of enchant armour {!r, unknown}
 d - a scroll of identify {!r, unknown}


   Skills:
 - Level 1.5 Dodging
 - Level 1.5 Stealth
 - Level 2.6 Spellcasting
 + Level 2.5 Conjurations
 + Level 2.4 Fire Magic


You had 3 spell levels left.
You knew the following spells:

 Your Spells              Type           Power        Failure   Level  Hunger
a - Flame Tongue          Conj/Fire      #....        8%          1    N/A
s - Conjure Flame         Conj/Fire      #.......     22%         3    N/A

Your spell library contained the following spells:

 Spells                   Type           Power        Failure   Level  Hunger
 Fireball                 Conj/Fire      #.........   91%         5    N/A
 Throw Flame              Conj/Fire      #.....       12%         2    N/A
 Sticky Flame             Conj/Fire      #.......     58%         4    N/A
 Inner Flame              Hex/Fire       #.......     36%         3    N/A

Dungeon Overview and Level Annotations

Branches:
Dungeon (4/15)
 Temple: D:4-7

Altars:
Ashenzari
Elyvilon
Fedhas
Kikubaaqudgha
Uskayaw


Innate Abilities, Weirdness & Mutations

You do not eat or drink.
Your flesh is vulnerable to fire.
You are immune to poison.
Your flesh is cold resistant. (rC+)
You are immune to negative energy. (rN+++)
You are immune to unholy pain and torment.
You can survive without breathing.


Message History

Confirm with . or Enter, or press ? or * to list all spells.
You can't see any susceptible monsters within range! (Use Z to cast anyway.)
Casting: Flame Tongue (safe; 8% risk of failure)
Confirm with . or Enter, or press ? or * to list all spells.
Aiming: Flame Tongue (safe; 8% risk of failure)
Press: ? - help, Shift-Dir - straight line, f/p - worker ant
Aim: a worker ant (heavily wounded)
The flame tongue hits the worker ant.
The worker ant is severely wounded.
Your magical contamination has completely faded away.
Casting: Flame Tongue (safe; 8% risk of failure)
Confirm with . or Enter, or press ? or * to list all spells.
Aiming: Flame Tongue (safe; 8% risk of failure)
Press: ? - help, Shift-Dir - straight line, f/p - worker ant
Aim: a worker ant (severely wounded)
The flame tongue misses the worker ant.
The worker ant bites you.
Casting: Flame Tongue (safe; 8% risk of failure)
Confirm with . or Enter, or press ? or * to list all spells.
You don't have enough magic to cast that spell.
Casting: Flame Tongue (safe; 8% risk of failure)
Confirm with . or Enter, or press ? or * to list all spells.
You don't have enough magic to cast that spell.
You hit the worker ant but do no damage.
The worker ant is severely wounded.
The worker ant barely misses you.
You hit the worker ant but do no damage.
The worker ant is severely wounded.
The worker ant bites you.
You hit the worker ant.
The worker ant is severely wounded.
The worker ant bites you.
You barely miss the worker ant.
The worker ant is severely wounded.
The worker ant misses you. The worker ant misses you. The worker ant bites you.
* * * LOW HITPOINT WARNING * * *
Casting: Flame Tongue (safe; 8% risk of failure)
Confirm with . or Enter, or press ? or * to list all spells.
Aiming: Flame Tongue (safe; 8% risk of failure)
Press: ? - help, Shift-Dir - straight line, f/p - worker ant
Aim: a worker ant (severely wounded)
The flame tongue hits the worker ant.
The worker ant is almost dead.
The worker ant closely misses you. The worker ant bites you.
* * * LOW HITPOINT WARNING * * *
Casting: Flame Tongue (safe; 8% risk of failure)
Confirm with . or Enter, or press ? or * to list all spells.
You don't have enough magic to cast that spell.
Casting: Flame Tongue (safe; 8% risk of failure)
Confirm with . or Enter, or press ? or * to list all spells.
You don't have enough magic to cast that spell.
Casting: Flame Tongue (safe; 8% risk of failure)
Confirm with . or Enter, or press ? or * to list all spells.
You don't have enough magic to cast that spell.
Casting: Flame Tongue (safe; 8% risk of failure)
Confirm with . or Enter, or press ? or * to list all spells.
You don't have enough magic to cast that spell.
Casting: Flame Tongue (safe; 8% risk of failure)
Confirm with . or Enter, or press ? or * to list all spells.
You don't have enough magic to cast that spell.
The worker ant bites you.
You die...

#.........._......
#......#.......#..
#......##...[.##...
#.......##...## ..
#.....#####.##
#.....####..##
#............#
#............#
#<........a@.+
#............#
##############


You could see a worker ant.

Vanquished Creatures
  2 gnolls
  2 ball pythons (D:2)
  2 giant cockroaches (D:2)
  2 goblins (D:1)
  2 kobolds
  2 bats (D:2)
  A frilled lizard (D:1)
  A rat (D:1)
14 creatures vanquished.

Notes
Turn   | Place    | Note
-------+----------+-------------------------------------------
     0 | D:1      | Amnesiac the Mummy Fire Elementalist began the quest for the Orb.
     0 | D:1      | Reached XP level 1. HP: 13/13 MP: 4/4
    19 | D:1      | Reached skill level 1 in Conjurations
   104 | D:1      | Found a shattered altar of Ashenzari.
   179 | D:2      | Reached XP level 2. HP: 14/19 MP: 3/5
   346 | D:2      | Reached XP level 3. HP: 15/24 MP: 1/7
   351 | D:2      | Learned a level 3 spell: Conjure Flame
   419 | D:2      | Found a blossoming altar of Fedhas.
   423 | D:2      | Found an ancient bone altar of Kikubaaqudgha.
   529 | D:4      | Found a white marble altar of Elyvilon.
   529 | D:4      | Found a hide-covered altar of Uskayaw.
   584 | D:4      | Slain by a worker ant

Vault maps used:
D:1:      ldierk_walled_garden, nrook_mini_vaults, serial_park_tiny_pond,
          minmay_parallelograms, evilmike_ruin_ashenzari
D:2:      grunt_temple_overflow_growth_and_decay, first_ration
D:3:      corexii_shack_village, minmay_strange_pillars,
          roderic_serpentine_path, nicolae_qazlal_general_emergency
D:4:      grunt_temple_overflow_opulence, gammafunk_temple_overflow_forgotten,
          lemuel_round_altar, lemuel_crystal_altar, minmay_temple_entry_trees,
          kennysheep_generic_room_2, uniq_sigmund

Skill      XL: |  1  2 |
---------------+-------+-----
Conjurations   | 1 2 |  2.5
Dodging        | |  1.5
Stealth        | |  1.5
Spellcasting   | |  2.6
Fire Magic     | |  2.4

Action                   || total
-------------------------++-------
Melee: Unarmed           ||     4
 Cast: Flame Tongue      ||    30
       Conjure Flame     ||     1
Dodge: Dodged            ||    14

Table legend:
 A = Spawn XP
 B = Non-spawn XP
 C = Spawn XP percentage of total XP
 D = Spawn monster count
 E = Non-spawn monster count
 F = Spawn count percentage of total count
 G = Total turns spent on level
                    A         B        C        D         E        F      G
               +---------+---------+-------+---------+---------+-------+---------
         Total |       0 |      49 |   0.0 |       0 |      14 |   0.0 |   584
               +---------+---------+-------+---------+---------+-------+---------
           D:1 |       0 |       6 |   0.0 |       0 |       4 |   0.0 |   121
           D:2 |       0 |      27 |   0.0 |       0 |       8 |   0.0 |   336
           D:3 |       0 |      16 |   0.0 |       0 |       2 |   0.0 |    65
               +---------+---------+-------+---------+---------+-------+---------
